 Dungeon Crawl Stone Soup version 0.27-a0-1219-g958d993ae5 (webtiles) character file.

Game seed: 11562995747722279095

112 polve the Insei (level 4, -3/35 HPs)
             Began as a Demonspawn Abyssal Knight on June 6, 2021.
             Was a Believer of Lugonu.
             Slain by a phantom (4 damage)
             ... on level 4 of the Dungeon.
             The game lasted 00:02:37 (3562 turns).

polve the Insei (Demonspawn Abyssal Knight)         Turns: 3562, Time: 00:02:38

Health: -3/35      AC:  4    Str: 13    XL:     4   Next: 63%
Magic:  5/5        EV: 11    Int: 13    God:    Lugonu [**....]
Gold:   162        SH:  0    Dex: 13    Spells: 3/3 levels left

rFire    . . .     SeeInvis .   p - +0 rapier
rCold    . . .     Faith    .   (no shield)
rNeg     . . .     Spirit   .   b - +0 leather armour
rPois    .         Reflect  .   (no helmet)
rElec    .         Harm     .   (no cloak)
rCorr    .         Rampage  .   (no gloves)
Will     .....                  e - +0 pair of boots
Stlth    +.........             (no amulet)
HPRegen  0.11/turn              (no ring)
MPRegen  0.09/turn              (no ring)

@: no status effects
A: claws 1, demonic guardian 1
a: Renounce Religion, Depart the Abyss, Bend Space


You were on level 4 of the Dungeon.
You worshipped Lugonu.
Lugonu was pleased with you.
You visited 1 branch of the dungeon, and saw 4 of its levels.
You visited the Abyss 1 time.

You collected 162 gold pieces.

Inventory:

Hand Weapons
 a - a +1 short sword
 p - a +0 rapier (weapon)
Missiles
 c - a throwing net
Armour
 b - a +0 leather armour (worn)
 e - a +0 pair of boots (worn)
Jewellery
 g - an amulet of the acrobat
Scrolls
 d - a scroll of identify {unknown}
 f - 5 scrolls of noise {unknown}
 h - a scroll of teleportation {unknown}
 i - a scroll of amnesia {unknown}
 j - a scroll of magic mapping {unknown}
 l - a scroll of enchant weapon {unknown}
Potions
 k - a potion of haste {unknown}
 m - a potion of attraction {unknown}
 o - a potion of lignification {unknown}


   Skills:
 - Level 3.0 Fighting
 - Level 2.5 Short Blades
 - Level 1.7 Armour
 - Level 0.8 Dodging
 + Level 3.4 Unarmed Combat
 - Level 2.4 Invocations


You had 3 spell levels left.
You didn't know any spells.
Your spell library was empty.

Dungeon Overview and Level Annotations

Branches:
Dungeon (4/15)
 Temple: D:4-7

Altars:
Elyvilon


Innate Abilities, Weirdness & Mutations

You have sharp fingernails.
A weak demonic guardian rushes to your aid.


Message History

The phantom is heavily damaged.
The phantom hits you but does no damage.
You hit the phantom.
The phantom is severely damaged.
The phantom hits you.
The phantom blinks!
You blink.
You hit the phantom.
The phantom is severely damaged.
The phantom hits you.
You barely miss the phantom.
The phantom is severely damaged.
The phantom hits you.
* * * LOW HITPOINT WARNING * * *
The phantom blinks!
You blink.
Found a scroll labelled BEDABRA MUYLA.
An orc comes into view. It is wielding a +0 club.
The phantom hits you.
* * * LOW HITPOINT WARNING * * *
A demonic guardian appears!
The phantom blinks!
You blink.
You barely miss the phantom.
The phantom is severely damaged.
The orc shouts!
The phantom closely misses you.
You closely miss the phantom.
The phantom is severely damaged.
The phantom hits you.
* * * LOW HITPOINT WARNING * * *
A demonic guardian appears!
The phantom blinks!
You blink.
You hit the phantom.
The phantom is severely damaged.
Your quasit completely misses the phantom.
Your quasit claws the phantom.
Your quasit claws the phantom but does no damage.
The phantom closely misses your quasit.
Your quasit misses the phantom.
Your quasit claws the phantom but does no damage.
Your quasit claws the phantom.
You barely miss the phantom.
The phantom is almost destroyed.
Your ufetubus closely misses the phantom.
Your ufetubus misses the phantom. The phantom hits you.
You die...

###### .....# .....#
.....# .....#
.5...#########+####
###ยงยง..........5..#
..#............5W.#
.(#$............@.#
..#...............#
..#...............#
..#...............#
###.............o.#
................#
...........#
...........#
........?..#


You could see a phantom (ally target), an orc, a friendly quasit (summoned) and
a friendly ufetubus (summoned).

Vanquished Creatures
  A gnoll (D:1)
  3 adders
  An adder skeleton (D:4)
  A worm (D:2)
  A dart slug (D:3)
  4 orcs (D:3)
  A ball python (D:4)
  4 bats
  4 endoplasms
  A giant cockroach (D:4)
  7 goblins
  7 hobgoblins
  3 quokkas
  2 frilled lizards
  4 kobolds
  10 rats
54 creatures vanquished.

Vanquished Creatures (collateral kills)
  An adder (D:2)
  A goblin (D:2)
2 creatures vanquished.

Vanquished Creatures (others)
  5 toadstools (D:1)
5 creatures vanquished.

Grand Total: 61 creatures vanquished

Notes
Turn   | Place    | Note
-------+----------+-------------------------------------------
     0 | Abyss:1  | polve the Demonspawn Abyssal Knight began the quest for the
                  | Orb.
     0 | Abyss:1  | Reached XP level 1. HP: 18/18 MP: 2/2
    67 | Abyss:1  | Found a corrupted altar of Lugonu.
    95 | Abyss:1  | Found a corrupted altar of Lugonu.
    97 | Abyss:1  | Noticed a small abomination
   140 | Abyss:1  | Noticed a chaos spawn
   152 | D:1      | Escaped the Abyss
   182 | D:1      | Found a faded altar of an unknown god.
   191 | D:1      | Gained mutation: You have sharp fingernails. [demonic
                  | ancestry]
   191 | D:1      | Reached XP level 2. HP: 7/24 MP: 3/3
   566 | D:1      | Reached skill level 1 in Unarmed Combat
   582 | D:1      | Reached * piety under Lugonu
  1310 | D:2      | Gained mutation: A weak demonic guardian rushes to your
                  | aid. [demonic ancestry]
  1310 | D:2      | Reached XP level 3. HP: 29/29 MP: 4/4
  2426 | D:3      | Reached XP level 4. HP: 19/35 MP: 5/5
  2721 | D:3      | Reached ** piety under Lugonu
  3528 | D:4      | Noticed a phantom
  3560 | D:4      | HP: 1/35 [phantom (3)]
  3562 | D:4      | Slain by a phantom

Illustrated notes

Levels and vault maps discovered:
D:1:      ldierk_walled_garden, layout_rooms, basic_ecumenical_altar
D:2:      layout_loops_cross, basic_altar, kennysheep_path_1
D:3:      layout_basic
D:4:      layout_gridville, nicolae_zen_rock_garden, corexii_shack

Skill      XL: |  1  2  3  4 |
---------------+-------------+-----
Short Blades   | 2 |  2.5
Unarmed Combat | 1 2 3 |  3.4
Fighting       | |  3.0
Armour         | |  1.7
Dodging        | |  0.8
Invocations    | |  2.4

Action                   |  1- 3 |  4- 6 || total
-------------------------+-------+-------++-------
Melee: Short sword       |   122 |    54 ||   176
       Rapier            |       |    24 ||    24
       Punch             |       |     1 ||     1
Invok: Depart the Abyss  |     1 |       ||     1
  Use: Potion            |       |     3 ||     3
 Stab: Sleeping          |     1 |       ||     1
Armor: Leather armour    |    55 |    22 ||    77
Dodge: Dodged            |    90 |    39 ||   129

Table legend: (Time is in decaauts)
 A = Elapsed time spent in this place.
 B = Non-inter-level travel time spent in this place.
 C = Inter-level travel time spent in this place.
 D = Time resting spent in this place.
 E = Time spent auto-exploring this place.
 F = Levels seen in this place.
 G = Mean time per level.
                   A        B        C        D        E       F      G
               +--------+--------+--------+--------+--------+-----+--------+
         Total |   3559 |   3458 |    101 |      0 |   2962 |   5 |  711.8 |
       Dungeon |   3407 |   3306 |    101 |      0 |   2837 |   4 |  851.8 |
         Abyss |    152 |    152 |      0 |      0 |    125 |   1 |  152.0 |
               +--------+--------+--------+--------+--------+-----+--------+

Top non-repeatable levels by time:
     D:3: 1286 daAuts
     D:1: 999 daAuts
     D:2: 940 daAuts
     D:4: 181 daAuts
 Abyss:1: 152 daAuts
